 Dungeon Crawl Stone Soup version 0.22-a0-113-gdd6f4a9 (webtiles) character file.

2695 Daviar the Firebug (level 9, -10/57 HPs)
             Began as a Demonspawn Fire Elementalist on Jan 28, 2018.
             Was an Initiate of Vehumet.
             Shot with a sling bullet by Joseph (15 damage)
             ... on level 7 of the Dungeon.
             The game lasted 00:19:37 (8724 turns).

Daviar the Firebug (Demonspawn Fire Elementalist)   Turns: 8724, Time: 00:19:38

Health: -10/57     AC:  3    Str: 10    XL:     9   Next: 38%
Magic:  1/19       EV: 18    Int: 19    God:    Vehumet [......]
Gold:   244        SH:  0    Dex: 21    Spells: 4/22 levels left

rFire    + + .     SeeInvis .   s - staff of fire {rF+}
rCold    x . .     Gourm    .   (no shield)
rNeg     . . .     Faith    .   a - +0 robe
rPois    .         Spirit   .   (helmet restricted)
rElec    .         Reflect  .   (no cloak)
rCorr    .         Harm     .   A - +0 pair of gloves
MR       .....                  (no boots)
Stlth    +++.......             F - amulet of rage
HPRegen  0.19/turn              u - ring of fire
MPRegen  0.16/turn              e - +3 ring of dexterity

@: agile
A: horns 1, foul stench 2, rot immunity
a: Renounce Religion, Evoke Berserk Rage


You were on level 7 of the Dungeon.
You worshipped Vehumet.
Vehumet was noncommittal.
You were not hungry.

You visited 2 branches of the dungeon, and saw 8 of its levels.
You also visited: Ossuary.

You collected 244 gold pieces.

Inventory:

Hand Weapons
 m - a +1 dagger of draining
Armour
 a - a +0 robe (worn)
 q - a +0 buckler
 A - a +0 pair of gloves (worn)
Magical Staves
 s - an uncursed staff of fire (weapon) {rF+}
 v - an uncursed staff of cold {rC+}
Jewellery
 e - a +3 ring of dexterity (right hand)
 u - a ring of fire (left hand)
 F - an amulet of rage (around neck)
Scrolls
 d - 2 scrolls of amnesia
 i - a scroll of identify
 r - a scroll of remove curse
 t - 5 scrolls of teleportation
 w - 2 scrolls of fog
 x - 2 scrolls of blinking
 B - 2 scrolls of magic mapping
Potions
 c - a potion of curing
 f - a potion of haste
 g - 6 potions of might
 l - a potion of flight
 n - a potion of agility
 o - a potion of brilliance
 p - 2 potions of ambrosia
 z - 2 potions of resistance
 C - a potion of berserk rage {unknown}
 E - a potion of magic {unknown}
Books
 b - a book of Flames

   Spells                             Type                      Level
   a - Flame Tongue                   Conjuration/Fire             1
   b - Throw Flame                    Conjuration/Fire             2
   c - Conjure Flame                  Conjuration/Fire             3
   d - Inner Flame                    Hexes/Fire                   3
   e - Sticky Flame                   Conjuration/Fire             4
   f - Fireball                       Conjuration/Fire             5
 y - a book of Geomancy

   Spells                             Type                      Level
   a - Sandblast                      Earth                        1
   b - Passwall                       Transmutation/Earth          2
   c - Stone Arrow                    Conjuration/Earth            3
   d - Petrify                        Transmutation/Earth          4
   e - Lee's Rapid Deconstruction     Earth                        5
Comestibles
 j - 13 rations


   Skills:
 - Level 1.7 Dodging
 - Level 1.7 Stealth
 + Level 7.1 Spellcasting
 + Level 7.4 Conjurations
 + Level 7.4 Fire Magic


You had 4 spell levels left.
You knew the following spells:

 Your Spells              Type           Power        Failure   Level  Hunger
a - Flame Tongue          Conj/Fire      #####        1%          1    None
b - Throw Flame           Conj/Fire      ######       1%          2    None
c - Sticky Flame          Conj/Fire      ######..     4%          4    ###....
d - Inner Flame           Hex/Fire       #####...     6%          3    #......
e - Conjure Flame         Conj/Fire      ######..     1%          3    #......
s - Fireball              Conj/Fire      ######....   13%         5    #####..


Dungeon Overview and Level Annotations

Branches:
Dungeon (7/15)             Temple (1/1) D:5

Altars:
Ashenzari
Cheibriados
Dithmenos
Fedhas
Gozag
Hepliaklqana
Makhleb
Nemelex Xobeh
Okawaru
Qazlal
Ru
Sif Muna
Trog
Uskayaw
Vehumet
Wu Jian
Xom
Yredelemnul

Shops:
D:6 }

Annotations:
D:7 Joseph


Innate Abilities, Weirdness & Mutations

You have a pair of small horns on your head.
You frequently emit foul miasma when damaged in melee.
You are immune to rotting.


Message History

You regained 16 hp, and now have 19/57 hp.
Okay, then.
You aren't carrying any items that you can evoke.
You aren't carrying any items that you can evoke.
Okay, then.
Okay, then.
Okay, then.
Okay, then.
Throwing (i - inventory):
k - a throwing net (quivered)
{!f}
Press: ? - help, Shift-Dir - straight line, f/p - Joseph
Aim: Joseph, wielding a hunting sling and wearing a leather armour (almost dead) Really fire
k - a throwing net {!f}?
You throw a throwing net {!f}.
The throwing net {!f} barely misses Joseph.
Joseph shoots a sling bullet.
The sling bullet hits you!
* * * LOW HITPOINT WARNING * * *
You take 14 damage, and have 5/57 hp.
MASSIVE DAMAGE!!
You feel agile all of a sudden.
Joseph shoots a sling bullet.
The sling bullet hits you!
You die...

........
........................
........%...............
........................
.........>..............
........................
........................
........................
..............((@....@.(
........................
........................
........................
........................
........................
........................
........................
....................


You could see Joseph.

Vanquished Creatures
  The ghost of ThereIsNoGod the Geomancer, a novice FoEE (D:5)
  Prince Ribbit (D:5)
  A hippogriff (D:3)
  A water moccasin (D:6)
  A hornet zombie (D:7)
  2 sky beasts
  A phantom (D:6)
  4 ogres
  3 bullfrogs
  3 water moccasin zombies (Ossuary)
  2 scorpions
  2 crimson imps (D:6)
  2 centaur skeletons (D:4)
  2 jellies
  Jessica (D:2)
  An iguana (D:4)
  Terence (D:2)
  Natasha (twice) (D:2)
  A killer bee zombie (D:6)
  3 big kobold zombies (Ossuary)
  2 mummies (Ossuary)
  A worker ant zombie (D:6)
  4 adders
  3 river rats (D:3)
  3 shadow imps
  2 oozes
  3 adder zombies (Ossuary)
  2 worms
  4 dart slugs
  2 leopard geckos
  19 orcs
  2 ball pythons
  3 giant cockroaches
  9 goblins
  7 hobgoblins
  14 jackals
  7 kobolds
  4 quokkas
  A ball python skeleton (D:4)
  7 bats
  3 frilled lizards
  A gnoll zombie (Ossuary)
  5 hobgoblin zombies (Ossuary)
  A jackal zombie (D:4)
  4 orc zombies (Ossuary)
  A quokka skeleton (D:4)
  10 rats
  A rat zombie (D:4)
160 creatures vanquished.

Vanquished Creatures (others)
  A big kobold zombie (Ossuary)
  An adder zombie (Ossuary)
  A hobgoblin zombie (Ossuary)
3 creatures vanquished.

Grand Total: 163 creatures vanquished

Notes
Turn   | Place    | Note
-------+----------+-------------------------------------------
     0 | D:1      | Daviar the Demonspawn Fire Elementalist began the quest for the Orb.
     0 | D:1      | Reached XP level 1. HP: 13/13 MP: 3/3
   339 | D:1      | Gained mutation: You are immune to rotting. [demonic ancestry]
   339 | D:1      | Reached XP level 2. HP: 19/19 MP: 5/5
  1110 | D:2      | Learned a level 2 spell: Throw Flame
  1116 | D:2      | Noticed Natasha
  1120 | D:2      | Killed Natasha
  1120 | D:2      | Gained mutation: You have a pair of small horns on your head. [demonic ancestry]
  1120 | D:2      | Reached XP level 3. HP: 20/24 MP: 1/7
  1229 | D:2      | Learned a level 3 spell: Conjure Flame
  1305 | D:2      | Noticed Jessica
  1311 | D:2      | Killed Jessica
  1311 | D:2      | Reached XP level 4. HP: 16/30 MP: 4/8
  1732 | D:2      | Noticed Terence
  1755 | D:2      | Killed Terence
  2100 | D:2      | Gained mutation: You may emit foul miasma when damaged in melee. [demonic ancestry]
  2100 | D:2      | Reached XP level 5. HP: 34/35 MP: 9/9
  2128 | D:2      | Found a snail-covered altar of Cheibriados.
  2133 | D:2      | Noticed Natasha
  2134 | D:2      | Found a blossoming altar of Fedhas.
  2138 | D:2      | Killed Natasha
  2271 | D:2      | Found a hazy altar of Hepliaklqana.
  2464 | D:3      | Noticed an air elemental
  2525 | D:3      | Learned a level 4 spell: Sticky Flame
  2684 | D:3      | Noticed a water elemental
  2800 | D:3      | Noticed a hippogriff
  2817 | D:3      | Killed a hippogriff
  2817 | D:3      | Reached XP level 6. HP: 3/41 MP: 1/11
  2833 | D:3      | Found a stormy altar of Qazlal.
  2836 | D:3      | Noticed a fire elemental
  3516 | D:3      | Learned a level 3 spell: Inner Flame
  3554 | D:4      | Found a sand-covered staircase.
  3581 | Ossuary  | Entered an ossuary
  3663 | Ossuary  | Reached XP level 7. HP: 25/46 MP: 1/13
  4049 | Ossuary  | Reached skill level 5 in Fire Magic
  4719 | D:4      | Reached skill level 5 in Spellcasting
  4719 | D:4      | Reached skill level 5 in Conjurations
  4963 | D:4      | Found a sparkling altar of Nemelex Xobeh.
  5143 | D:4      | Found a shattered altar of Ashenzari.
  5407 | D:5      | Entered Level 5 of the Dungeon
  5433 | D:5      | Reached XP level 8. HP: 52/52 MP: 12/15
  5763 | D:5      | Noticed ThereIsNoGod's ghost (novice FoEE)
  5767 | D:5      | Noticed Prince Ribbit
  5773 | D:5      | Killed ThereIsNoGod's ghost
  5779 | D:5      | Killed Prince Ribbit
  6019 | D:5      | Found a staircase to the Ecumenical Temple.
  6028 | Temple   | Entered the Ecumenical Temple
  6241 | Temple   | Became a worshipper of Vehumet
  6612 | D:5      | Found an iron altar of Okawaru.
  6612 | D:5      | Found a bloodstained altar of Trog.
  6846 | D:5      | Learned a level 5 spell: Fireball
  7004 | D:6      | Found a shadowy altar of Dithmenos.
  7009 | D:6      | Gained mutation: You frequently emit foul miasma when damaged in melee. [demonic ancestry]
  7009 | D:6      | Reached XP level 9. HP: 20/57 MP: 5/18
  7773 | D:6      | Found Haecot's Gadget Emporium.
  7839 | D:6      | Found a sparkling altar of Nemelex Xobeh.
  8715 | D:7      | Noticed Joseph
  8724 | D:7      | Shot with a sling bullet by Joseph

Vault maps used:
D:1:      wheals_arrival_shading
D:2:      minitemple, uniq_jessica, uniq_terence, uniq_natasha
D:3:      serial_glass, glass_columns_b, glass_columns_a,
          gup_sewer_entry_bubbles, grunt_ministairs_6,
          nicolae_qazlal_style_of_elements
D:4:      old_standard_altar, first_ration, enter_ossuary_3,
          nemelex_lonely_heart_becter
D:5:      grunt_temple_overflow_bloody_war, lemuel_temple_firewalk_b,
          uniq_prince_ribbit1
D:6:      nicolae_overflow_crystal_walls, kennysheep_little_box, serial_shops,
          shop
D:7:      good_gods_mini_temple, the_bakery, uniq_joseph
Temple:   jpeg_temple_island
Ossuary:  ossuary_tomb_2

Skill      XL: |  1  2  3  4  5  6  7  8  9 |
---------------+----------------------------+-----
Fire Magic     | 3 4 5 6 7 |  7.4
Conjurations   | 2 3 4 5 6 7 |  7.4
Spellcasting   | 3 4 5 6 7 |  7.1
Dodging        | |  1.7
Stealth        | |  1.7

Action                   |  1- 3 |  4- 6 |  7- 9 || total
-------------------------+-------+-------+-------++-------
Melee: Dagger            |    23 |    30 |    50 ||   103
       Headbutt          |     2 |     4 |    12 ||    18
       Staff             |       |    22 |    19 ||    41
Throw: Throwing net      |       |       |     1 ||     1
 Cast: Flame Tongue      |    31 |   103 |   183 ||   317
       Throw Flame       |       |     5 |    14 ||    19
       Conjure Flame     |       |       |     2 ||     2
       Sticky Flame      |       |       |     5 ||     5
       Inner Flame       |       |       |     3 ||     3
       Fireball          |       |       |     3 ||     3
  Use: Scroll            |       |     8 |     6 ||    14
       Potion            |       |     4 |     3 ||     7
 Stab: Sleeping          |     1 |     4 |       ||     5
  Eat: Chunk             |     1 |     7 |    11 ||    19
       Ration            |       |       |     2 ||     2
Armor: Robe              |     5 |     3 |    27 ||    35
       Skin              |       |    47 |       ||    47
Dodge: Dodged            |    12 |    37 |    96 ||   145
Block: Buckler           |       |    10 |       ||    10

Table legend:
 A = Spawn XP
 B = Non-spawn XP
 C = Spawn XP percentage of total XP
 D = Spawn monster count
 E = Non-spawn monster count
 F = Spawn count percentage of total count
 G = Total turns spent on level
                    A         B        C        D         E        F      G
               +---------+---------+-------+---------+---------+-------+---------
         Total |       0 |    3851 |   0.0 |       0 |     162 |   0.0 |  8724
               +---------+---------+-------+---------+---------+-------+---------
           D:1 |       0 |      40 |   0.0 |       0 |      19 |   0.0 |  1106
           D:2 |       0 |     195 |   0.0 |       0 |      21 |   0.0 |  1339
           D:3 |       0 |     367 |   0.0 |       0 |      36 |   0.0 |  1072
           D:4 |       0 |     429 |   0.0 |       0 |      23 |   0.0 |   994
           D:5 |       0 |    1236 |   0.0 |       0 |      13 |   0.0 |  1599
           D:6 |       0 |     847 |   0.0 |       0 |      23 |   0.0 |  1051
           D:7 |       0 |     352 |   0.0 |       0 |       4 |   0.0 |   423
       Ossuary |       0 |     385 |   0.0 |       0 |      23 |   0.0 |   896
               +---------+---------+-------+---------+---------+-------+---------
